 Dungeon Crawl Stone Soup version 0.30-a0-743-gbfdf073431 (webtiles) character file.

Game seed: 17074990596554877338

6556 Grognak the Basher (level 10, -2/91 HPs)
             Began as a Minotaur Fighter on Feb 7, 2023.
             Was a Follower of Trog.
             Slain by a death yak (21 damage)
             ... on level 8 of the Dungeon.
             The game lasted 00:09:41 (5606 turns).

Grognak the Basher (Minotaur Fighter)               Turns: 5606, Time: 00:09:41

Health: -2/91      AC: 16    Str: 29    XL:     10   Next: 70%
Magic:  9/9        EV: 16    Int:  4    God:    Trog [*.....]
Gold:   442        SH:  8    Dex: 15    Spells: 9/9 levels left

rFire   . . .      SeeInvis .    a - +1 flail
rCold   . . .      Faith    .    c - +2 buckler
rNeg    . . .      Spirit   .    u - +0 plate armour
rPois   .          Reflect  .    (helmet unavailable)
rElec   .          Harm     .    (no cloak)
rCorr   .          Rampage  .    v - +0 pair of gloves
Will    .....                    (no boots) Stlth
                                 i - amulet of regeneration
HPRegen 1.15/turn                j - +6 ring of dexterity
MPRegen 0.11/turn                l - +5 ring of evasion

@: mighty
A: horns 3, retaliatory headbutt, strong 1
a: Renounce Religion, Berserk


You were on level 8 of the Dungeon.
You worshipped Trog.
Trog was aware of your devotion.
You visited 2 branches of the dungeon, and saw 9 of its levels.

You collected 442 gold pieces.

Inventory:

Hand Weapons
 a - a +1 flail (weapon)
Armour
 c - a +2 buckler (worn)
 u - a +0 plate armour (worn)
 v - a +0 pair of gloves (worn)
Jewellery
 f - a ring of wizardry
 i - an amulet of regeneration (around neck)
 j - a +6 ring of dexterity (left hand)
 l - a +5 ring of evasion (right hand)
 r - an amulet of guardian spirit
 t - a +6 ring of dexterity
Wands
 q - a wand of iceblast (8)
Scrolls
 b - 2 scrolls of teleportation
 m - a scroll of blinking
 n - 5 scrolls of identify
Potions
 d - 2 potions of might
 e - 3 potions of degeneration
 g - 4 potions of curing
 h - 4 potions of lignification
 k - 3 potions of attraction
 p - a potion of flight
 s - a potion of haste


   Skills:
 * Level 9.4 Fighting
 * Level 12.0 Maces & Flails
 * Level 10.4 Armour
 * Level 7.5 Dodging
 + Level 0.8 Stealth
 * Level 9.3 Shields


You had 9 spell levels left.
You didn't know any spells.
Your spell library contained the following spells:

 Spells                   Type           Power      Damage    Failure   Level
 Magic Dart               Conj           0%         1d3       99%         1
 Call Imp                 Summ           0%         N/A       100%        2
 Ignite Poison            Fire/Tmut/Pois 0%         N/A       100%        3
 Kindle Blastsparks       Fire/Tloc/Air  0%         2d10      100%        3
 Mephitic Cloud           Conj/Pois/Air  0%         N/A       100%        3
 Ozocubu's Armour         Ice            0%         N/A       100%        3
 Freezing Cloud           Conj/Ice/Air   0%         6-21      100%        5
 Ozocubu's Refrigeration  Ice            0%         4d7       100%        7


Dungeon Overview and Level Annotations

Branches:
Dungeon (8/15)             Temple (1/1) D:7
   Lair: D:8-11

Altars:
Ashenzari
Cheibriados
Dithmenos
Elyvilon
Fedhas
Gozag
Hepliaklqana
Kikubaaqudgha
Makhleb
Nemelex Xobeh
Okawaru
Qazlal
Ru
Sif Muna
Trog
Uskayaw
Wu Jian
Xom
Yredelemnul
Zin
The Shining One

Shops:
D:2 (   D:5 *

Annotations:
D:5 2 transporters, 3 runed translucent doors, Menkaure; NinjaNoafa's ghost, novice MeCj; purpskrrrp's ghost, novice SpWr


Innate Abilities, Weirdness & Mutations

You have a pair of large horns on your head.
You reflexively headbutt those who attack you in melee.
Your muscles are strong. (Str +4, Int/Dex -1)


Message History

Trog accepts your kill. You block the death yak's attack.
You sock the death yak!
The death yak is lightly wounded.
The death yak gores you.
* * * LOW HITPOINT WARNING * * *
You sock the death yak!
The death yak is moderately wounded.
You block the death yak's attack.
You bludgeon the death yak!! You headbutt the death yak!
The death yak is severely wounded.
You block the death yak's attack.
You bludgeon the death yak!!
You kill the death yak!
Trog accepts your kill.
You barely miss the death yak. The death yak completely misses you.
You furiously retaliate!
You headbutt the death yak!! You hit the death yak.
The death yak is moderately wounded.
The death yak closely misses you. You furiously retaliate!
You headbutt the death yak!! You barely miss the death yak.
The death yak is severely wounded.
The death yak barely misses you. You furiously retaliate!
You headbutt the death yak!! You sock the death yak!
You kill the death yak!
Trog accepts your kill.
Your Maces & Flails skill increases to level 12!
The death yak gores you!
* * * LOW HITPOINT WARNING * * *
Things that are here:
a +0 dagger; a +0 robe; a death yak corpse You sock the death yak!
You headbutt the death yak!!
The death yak is heavily wounded.
The death yak gores you but does no damage.
You hit the death yak. Your headbutt misses the death yak.
The death yak is heavily wounded.
The death yak gores you!!
You die...

...# #.._.#..♣♣...# #
##... #....#.......#
### #.#.###
#............# #≈#
......#######..###.###
#≈# ......
##.##....####≈# z....#
#.###.###≈≈≈ # ....##
#.# ##########
#..######.# #......
#.zhY@....# #.#.###
......#######..# #...#
..... #..# ###.# .#.#
#..# #)# #
#..########.#
#[..........#
##>########## #.# #.#


You could see a death yak, a black bear and a wight.

Vanquished Creatures
  5 death yaks (D:8)
  Joseph (D:7)
  Grinder (D:4)
  A wyvern (D:8)
  A steam dragon (D:7)
  2 water moccasins
  An orc warrior (D:7)
  2 ice beasts (D:5)
  A sky beast (D:7)
  An ogre (D:5)
  2 centaurs (D:8)
  A phantom (D:5)
  A kobold brigand (D:8)
  Blork the orc (D:6)
  A bullfrog (D:8)
  4 wights
  3 hounds
  Crazy Yiuf (D:7)
  7 iguanas
  3 orc wizards
  12 gnolls
  5 adders
  A shadow imp (D:8)
  An ufetubus (D:5)
  3 worms
  3 dart slugs
  16 orcs
  4 ball pythons
  5 bats
  4 endoplasms
  2 giant cockroaches
  4 goblins
  6 hobgoblins
  8 kobolds
  7 quokkas
  2 frilled lizards
  4 rats
127 creatures vanquished.

Vanquished Creatures (others)
  6 withered plants (D:5)
6 creatures vanquished.

Grand Total: 133 creatures vanquished

Notes
Turn   | Place    | Note
-------+----------+-------------------------------------------
     0 | D:1      | Grognak the Minotaur Fighter began the quest for the Orb.
     0 | D:1      | Reached XP level 1. HP: 19/19 MP: 0/0
   100 | D:1      | Reached XP level 2. HP: 25/27 MP: 1/1
   622 | D:1      | Reached skill level 3 in Maces & Flails
   622 | D:1      | Reached XP level 3. HP: 32/33 MP: 2/2
  1586 | D:2      | Reached skill level 1 in Dodging
  1644 | D:2      | Found Batiodi's Weapon Emporium.
  2207 | D:3      | Reached XP level 4. HP: 38/40 MP: 3/3
  2586 | D:4      | Reached skill level 4 in Maces & Flails
  2907 | D:4      | Noticed Grinder
  2919 | D:4      | Killed Grinder
  2920 | D:4      | Reached skill level 5 in Maces & Flails
  2920 | D:4      | Reached XP level 5. HP: 23/47 MP: 4/4
  2920 | D:4      | Reached XP level 6. HP: 26/53 MP: 5/5
  3071 | D:5      | Entered Level 5 of the Dungeon
  3113 | D:5      | Noticed an ice beast
  3123 | D:5      | Killed an ice beast
  3124 | D:5      | Reached skill level 5 in Armour
  3188 | D:5      | Noticed an ice beast
  3206 | D:5      | Killed an ice beast
  3207 | D:5      | Reached skill level 6 in Maces & Flails
  3207 | D:5      | Reached XP level 7. HP: 53/60 MP: 6/6
  3244 | D:5      | Found Zabaaf's Assorted Antiques.
  3244 | D:5      | Found a transporter.
  3247 | D:5      | Found a basalt altar of Yredelemnul.
  3249 | D:5      | Found a transporter.
  3279 | D:5      | Reached skill level 5 in Fighting
  3316 | D:5      | Noticed a wraith
  3346 | D:5      | Reached skill level 5 in Shields
  3360 | D:5      | Found a runed translucent gate.
  3360 | D:5      | Found a runed translucent gate.
  3360 | D:5      | Found a runed translucent gate.
  3361 | D:5      | Noticed NinjaNoafa's ghost (novice MeCj)
  3362 | D:5      | Noticed purpskrrrp's ghost (novice SpWr)
  3370 | D:5      | Reached skill level 7 in Maces & Flails
  3511 | D:5      | Reached XP level 8. HP: 68/68 MP: 7/7
  3637 | D:5      | Found an ancient bone altar of Kikubaaqudgha.
  3637 | D:5      | Noticed Menkaure
  3694 | D:5      | Gained mutation: Your muscles are strong. (Str +4, Int/Dex
                  | -1) [potion of mutation]
  3694 | D:5      | Gained mutation: You have a pair of large horns on your
                  | head. [potion of mutation]
  3695 | D:5      | Reached skill level 9 in Maces & Flails
  3695 | D:5      | Reached XP level 9. HP: 82/82 MP: 8/8
  3921 | D:6      | Noticed Blork the orc
  3928 | D:6      | Killed Blork the orc
  3929 | D:6      | Reached skill level 10 in Maces & Flails
  4487 | D:7      | Found a staircase to the Ecumenical Temple.
  4508 | Temple   | Entered the Ecumenical Temple
  4572 | Temple   | Became a worshipper of Trog the Wrathful
  4703 | D:7      | Noticed Joseph
  4718 | D:7      | Killed Joseph
  5080 | D:7      | Found a runed translucent door.
  5081 | D:7      | Noticed Crazy Yiuf
  5086 | D:7      | Killed Crazy Yiuf
  5194 | D:8      | Found an ornate altar of the Wu Jian Council.
  5290 | D:8      | Reached * piety under Trog
  5297 | D:8      | Reached skill level 11 in Maces & Flails
  5364 | D:8      | Found a hide-covered altar of Uskayaw.
  5553 | D:8      | Noticed a death yak
  5553 | D:8      | Noticed a death yak
  5554 | D:8      | Noticed a death yak
  5556 | D:8      | Noticed a death yak
  5559 | D:8      | Noticed a death yak
  5573 | D:8      | Noticed a death yak
  5577 | D:8      | Killed a death yak
  5578 | D:8      | Reached skill level 10 in Armour
  5578 | D:8      | Reached XP level 10. HP: 21/91 MP: 9/9
  5589 | D:8      | Killed a death yak
  5594 | D:8      | Killed a death yak
  5599 | D:8      | Killed a death yak
  5603 | D:8      | Killed a death yak
  5604 | D:8      | Reached skill level 12 in Maces & Flails
  5606 | D:8      | Slain by a death yak

Illustrated notes

Levels and vault maps discovered:
D:1:      tarquinn_simple_flora_water_c, layout_basic, minmay_bisected
D:2:      layout_basic, serial_shops, nicolae_shop_bloodbath_and_beyond
D:3:      layout_basic
D:4:      layout_rooms, uniq_grinder
D:5:      layout_basic, gammafunk_temple_of_torment, gammafunk_ghost_cemetery,
          serial_shops, nicolae_shop_competitors_out_of_business,
          chequers_serial_rivers_room_b
D:6:      layout_basic, uniq_blork_the_orc
D:7:      layout_cave_pools, minmay_temple_entry_mist, chequers_arboretum,
          uniq_joseph, uniq_crazy_yiuf_cottage
D:8:      layout_loops_ring, nicolae_wu_jian_wuxing_cycle,
          mainiacjoe_overflow_chevrons, dpeg_lair_monsters, serial_aquarium,
          aquarium_bridge_square [aquarium_subvault_bridge,
          aquarium_subvault_balcony, aquarium_subvault_bridge,
          aquarium_subvault_wall], aquarium_window_corridor_2,
          aquarium_window_corner, aquarium_window_1, aquarium_window_2,
          aquarium_view_2d, aquarium_balcony_3b
Temple:   compressed_dpeg_circular_temple

Skill      XL: |  1  2  3  4  5  6  7  8  9 10 |
---------------+-------------------------------+-----
Fighting       | 4 5 8 9 |  9.4
Armour         | 4 5 6 9 10 | 10.4
Maces & Flails | 3 5 6 7 9 11 12 | 12.0
Shields        | 4 5 8 9 |  9.3
Dodging        | 1 2 3 6 7 |  7.5
Stealth        | |  0.8

Action                     |  1- 3 |  4- 6 |  7- 9 | 10-12 || total
---------------------------+-------+-------+-------+-------++-------
  Melee: Flail             |   103 |    84 |   147 |    23 ||   357
         Headbutt          |    17 |    21 |    34 |     3 ||    75
    Use: Scroll            |     6 |     3 |     2 |       ||    11
         Potion            |       |       |    12 |     3 ||    15
 Armour: Scale mail        |    50 |     7 |       |       ||    57
         Chain mail        |       |    15 |    24 |       ||    39
         Plate armour      |       |       |    15 |     3 ||    18
  Dodge: Dodged            |    48 |    61 |    90 |     6 ||   205
  Block: Buckler           |    33 |    26 |    59 |     6 ||   124

Table legend: (Time is in decaauts)
 A = Elapsed time spent in this place.
 B = Non-inter-level travel time spent in this place.
 C = Inter-level travel time spent in this place.
 D = Time resting spent in this place.
 E = Time spent auto-exploring this place.
 F = Levels seen in this place.
 G = Mean time per level.
                   A        B        C        D        E       F      G
               +--------+--------+--------+--------+--------+-----+--------+
         Total |   5628 |   5471 |    157 |    133 |   4199 |   9 |  625.3 |
       Dungeon |   5551 |   5405 |    146 |    133 |   4162 |   8 |  693.9 |
        Temple |     76 |     65 |     11 |      0 |     37 |   1 |   76.0 |
               +--------+--------+--------+--------+--------+-----+--------+

Top non-repeatable levels by time:
     D:2: 1005 daAuts
     D:1: 860 daAuts
     D:6: 705 daAuts
     D:5: 690 daAuts
     D:3: 689 daAuts
     D:7: 640 daAuts
     D:4: 556 daAuts
     D:8: 403 daAuts
  Temple: 76 daAuts
